 Dungeon Crawl Stone Soup version 0.21-a0-531-gacddea6 (webtiles) character file.

38 sugabear the Covered (level 3, -1/31 HPs)
             Began as a Gnoll Wanderer on Dec 12, 2017.
             Slain by an adder (4 damage)
             ... on level 2 of the Dungeon.
             The game lasted 00:01:15 (1018 turns).

sugabear the Covered (Gnoll Wanderer)               Turns: 1018, Time: 00:01:16

Health: -1/31      AC:  9    Str: 15    XL:     3   Next: 43%
Magic:  6/6        EV:  9    Int: 14    God:
Gold:   43         SH:  0    Dex: 14    Spells: 3/3 levels left

rFire    . . .     SeeInvis .   d - +0 club
rCold    . . .     Gourm    .   (no shield)
rNeg     . . .     Faith    .   a - +2 scale mail
rPois    .         Spirit   .   (no helmet)
rElec    .         Reflect  .   (no cloak)
rCorr    .         Harm     .   (no gloves)
MR       .....                  (no boots)
Stlth    ..........             (no amulet)
HPRegen  0.10/turn              i - ring of flight
MPRegen  0.10/turn              (no ring)

@: no status effects
A: distributed training, fangs 1, strong nose
a: Evoke Flight


You were on level 2 of the Dungeon.
You were hungry.

You visited 1 branch of the dungeon, and saw 2 of its levels.

You collected 43 gold pieces.

Inventory:

Hand Weapons
 d - a +0 club (weapon)
Missiles
 e - 8 javelins (quivered)
Armour
 a - a +2 scale mail (worn)
Jewellery
 i - a ring of flight (left hand)
Wands
 c - a wand of random effects (15)
Scrolls
 b - a scroll of teleportation
 h - a scroll of identify {unknown}
 j - a scroll of fear {unknown}
Comestibles
 f - 3 bread rations
 g - 3 chunks of flesh


   Skills:
 + Level 4.5 Fighting
 + Level 0.7 Short Blades
 + Level 0.7 Long Blades
 + Level 0.7 Axes
 + Level 0.7 Maces & Flails
 + Level 0.7 Polearms
 + Level 0.7 Staves
 + Level 0.7 Slings
 + Level 0.7 Bows
 + Level 0.7 Crossbows
 + Level 0.7 Throwing
 + Level 6.5 Armour
 + Level 0.7 Dodging
 + Level 0.7 Stealth
 + Level 0.7 Shields
 + Level 0.7 Unarmed Combat
 + Level 0.7 Spellcasting
 + Level 3.7 Conjurations
 + Level 0.5 Hexes
 + Level 0.5 Charms
 + Level 0.5 Summonings
 + Level 0.5 Necromancy
 + Level 0.5 Translocations
 + Level 0.5 Transmutations
 + Level 0.5 Fire Magic
 + Level 0.5 Ice Magic
 + Level 0.5 Air Magic
 + Level 0.5 Earth Magic
 + Level 2.1 Poison Magic
 + Level 0.9 Invocations
 + Level 4.5 Evocations


You had 3 spell levels left.
You didn't know any spells.

Dungeon Overview and Level Annotations

Branches:
Dungeon (2/15)

Altars:


Innate Abilities, Weirdness & Mutations

Your experience applies equally to all skills.
You have very sharp teeth.
Your uncanny sense of smell can sniff out nearby items.


Message History

You closely miss the adder. The adder barely misses you.
You barely miss the adder.
You feel sick. The adder bites you. The adder bites you but does no damage.
You miss the adder. The adder bites you. x2
* * * LOW HITPOINT WARNING * * *
You miss the adder. You bite the adder.
The adder is lightly wounded.
The adder completely misses you. The adder bites you but does no damage.
You closely miss the adder.
The adder is lightly wounded.
You feel sick.
You are no longer poisoned.
The adder bites you.
* * * LOW HITPOINT WARNING * * *
You are feeling hungry.
You barely miss the adder. The adder bites you but does no damage.
The adder closely misses you.
You hit the adder but do no damage. Your bite misses the adder.
The adder bites you but does no damage. The adder bites you.
You die...

# #........# #
#..#.#.#.# ∆
#..#.<.#.#
#..##..#.########
#..#...........[#
#.........#####.#
.####..###.#...#...
.................#
###.#@##.#...#.#
#.#S##.......#
#..w†..#####...
#.....(.### ##
#.###.#(# # #.#.#
..... #..#.##
.....#


You could see a worm and an adder.

Vanquished Creatures
  An adder (D:2)
  3 dart slugs
  A leopard gecko (D:1)
  2 ball pythons (D:1)
  2 giant cockroaches (D:1)
  3 goblins
  4 hobgoblins
  2 kobolds
  2 frilled lizards (D:1)
  A rat (D:1)
21 creatures vanquished.

Notes
Turn   | Place    | Note
-------+----------+-------------------------------------------
     0 | D:1      | sugabear the Gnoll Wanderer began the quest for the Orb.
     0 | D:1      | sugabear set off with: a +2 scale mail, a scroll of teleportation, a wand of random effects (15), a +0 club, a bread ration
     0 | D:1      | Reached XP level 1. HP: 20/20 MP: 3/3
   200 | D:1      | Reached XP level 2. HP: 26/26 MP: 5/5
   936 | D:2      | Reached XP level 3. HP: 31/31 MP: 6/6
  1018 | D:2      | Slain by an adder

Vault maps used:
D:1:      dpeg_arrival_fog
D:2:      lemuel_round_altar, fedhas_altar_4

Skill      XL: |  1 |
---------------+----+-----
Poison Magic   | 2 |  2.1
Fighting       | |  4.5
Short Blades   | |  0.7
Long Blades    | |  0.7
Axes           | |  0.7
Maces & Flails | |  0.7
Polearms       | |  0.7
Staves         | |  0.7
Slings         | |  0.7
Bows           | |  0.7
Crossbows      | |  0.7
Throwing       | |  0.7
Armour         | |  6.5
Dodging        | |  0.7
Stealth        | |  0.7
Shields        | |  0.7
Unarmed Combat | |  0.7
Spellcasting   | |  0.7
Conjurations   | |  3.7
Hexes          | |  0.5
Charms         | |  0.5
Summonings     | |  0.5
Necromancy     | |  0.5
Translocations | |  0.5
Transmutations | |  0.5
Fire Magic     | |  0.5
Ice Magic      | |  0.5
Air Magic      | |  0.5
Earth Magic    | |  0.5
Invocations    | |  0.9
Evocations     | |  4.5

Action                   || total
-------------------------++-------
Melee: Club              ||    93
       Bite              ||    11
Throw: Javelin           ||     3
Armor: Scale mail        ||    48
Dodge: Dodged            ||    43

Table legend:
 A = Spawn XP
 B = Non-spawn XP
 C = Spawn XP percentage of total XP
 D = Spawn monster count
 E = Non-spawn monster count
 F = Spawn count percentage of total count
 G = Total turns spent on level
                    A         B        C        D         E        F      G
               +---------+---------+-------+---------+---------+-------+---------
         Total |       0 |      55 |   0.0 |       0 |      21 |   0.0 |  1018
               +---------+---------+-------+---------+---------+-------+---------
           D:1 |       0 |      33 |   0.0 |       0 |      16 |   0.0 |   925
           D:2 |       0 |      22 |   0.0 |       0 |       5 |   0.0 |    93
               +---------+---------+-------+---------+---------+-------+---------
